 Dungeon Crawl Stone Soup version 0.30-a0-996-ga6910c8ee8 (webtiles) character file.

Game seed: 66870448212804365

4 cforsyth the Caller (level 1, -3/11 HPs)
             Began as an Octopode Summoner on Apr 5, 2023.
             Slain by a quokka (5 damage)
             ... on level 1 of the Dungeon.
             The game lasted 00:00:12 (30 turns).

cforsyth the Caller (Octopode Summoner)               Turns: 30, Time: 00:00:13

Health: -3/11      AC:  1    Str:  7    XL:     1   Next: 60%
Magic:  2/3        EV: 13    Int: 17    God:
Gold:   0          SH:  0    Dex: 12    Spells: 3/4 levels left

rFire   . . .      SeeInvis .    (no weapon)
rCold   . . .      Faith    .    (no shield)
rNeg    . . .      Spirit   .    (helmet restricted)
rPois   .          Reflect  .    (no amulet)
rElec   .          Rampage  .    (no ring)
rCorr   .                        (no ring)
Will    .....                    (no ring)
Stlth   +++                      (no ring)
HPRegen 0.21/turn                (no ring)
MPRegen 0.08/turn                (no ring)
                                 (no ring)
                                 (no ring)

@: no status effects
A: almost no armour, amphibious, 8 rings, camouflage 1, gelatinous body 1,
(nimble swimmer 1), tentacles
a: no special abilities


You were on level 1 of the Dungeon.
You visited 1 branch of the dungeon, and saw 1 of its levels.

Inventory:

Potions
 a - a potion of magic


   Skills:
 - Level 2.0 Dodging
 - Level 2.6 Stealth
 + Level 2.1 Spellcasting
 + Level 4.1 Summonings


You had 3 spell levels left.
You knew the following spells:

 Your Spells              Type           Power      Damage    Failure   Level
a - Summon Small Mammal   Summ           60%        N/A       3%          1

Your spell library contained the following spells:

 Spells                   Type           Power      Damage    Failure   Level
 Call Imp                 Summ           15%        N/A       5%          2
 Call Canine Familiar     Summ           15%        N/A       11%         3
 Summon Guardian Golem    Hex/Summ       8%         N/A       24%         3
 Summon Lightning Spire   Summ/Air       8%         N/A       63%         4


Dungeon Overview and Level Annotations

Branches:
Dungeon (1/15)

Altars:

Annotations:
D:1 2 transporters


Innate Abilities, Weirdness & Mutations

You cannot wear most types of armour.
You are amphibious.
You can wear up to eight rings at the same time.
Your skin changes colour to match your surroundings (Stealth+).
Your rubbery body absorbs attacks. (AC +1, EV +1)
((You are camouflaged when in or above water. (Stealth+)))
You have tentacles for arms and can constrict up to eight enemies at once.


Message History

Your bat's corpse disappears in a puff of smoke!
The endoplasm quivers.
You tentacle-slap the endoplasm.
The endoplasm is severely wounded.
Your bat hits the endoplasm but does no damage.
The endoplasm freezes you.
You are frozen.
You tentacle-slap the endoplasm.
You kill the endoplasm!
A jackal comes into view.
Found a robe.
Found a stone staircase leading down.
A bat comes into view.
Your bat hits the jackal.
The jackal barks!
You see here a +0 war axe.
A jackal comes into view.
Your bat closely misses the jackal.
A quokka comes into view.
You tentacle-slap the jackal. Your grab misses the jackal.
You tentacle-slap the jackal, but do no damage.
Your squeeze misses the jackal.
The jackal is severely wounded.
Your bat misses the jackal. The jackal bites you. The quokka bites your bat.
Your bat dies!
Your bat's corpse disappears in a puff of smoke!
You tentacle-slap the jackal but do no damage.
Your grab misses the jackal.
The jackal is severely wounded.
The jackal misses you.
You tentacle-slap the jackal but do no damage.
You grab the jackal. You squeeze the jackal.
You kill the jackal!
The jackal bites you. x2
You are too injured to fight recklessly!
You are too injured to fight recklessly!
You are too injured to fight recklessly!
The jackal attacks as you move away! The jackal bites you.
* * * LOW HITPOINT WARNING * * *
The quokka bites you.
You die...

##..# ... #...[#
#.# # #.#... >..
..###.#..###.#
............. ..
#$.....h†.#
...###......h..#
≈≈≈≈≈≈~....r.).#
≈≈≈~≈≈≈~≈≈.@†..#
≈≈~.~≈≈≈≈≈≈≈~..##
.~.©.~≈≈≈≈≈≈≈≈..#
≈..>⌠~≈≈≈≈≈≈≈≈~.#
≈~.©.~≈≈~~~≈≈≈~(#
≈~~?~~≈~~.~≈≈≈~.#
≈≈≈~≈≈≈~.©.~≈≈..#
≈≈≈≈≈≈≈~⌠<..≈.≈##
≈≈≈≈≈≈≈~.©.~.≈≈#


You could see a quokka and 2 jackals.

Vanquished Creatures
  An endoplasm (D:1)
  A jackal (D:1)
2 creatures vanquished.

Vanquished Creatures (collateral kills)
  A hobgoblin (D:1)
1 creature vanquished.

Grand Total: 3 creatures vanquished

Notes
Turn   | Place    | Note
-------+----------+-------------------------------------------
     0 | D:1      | cforsyth the Octopode Summoner began the quest for the Orb.
     0 | D:1      | Reached XP level 1. HP: 11/11 MP: 3/3
    30 | D:1      | Slain by a quokka

Illustrated notes

Levels and vault maps discovered:
D:1:      spicycebolla_arrival_transporter_tutorial, layout_rooms

Action                     || total
---------------------------++-------
  Melee: Unarmed           ||     9
         Constrict         ||     2
         Punch             ||     1
         Tentacles         ||     1
   Cast: Summon Small Mamm ||     2
  Dodge: Dodged            ||     2

Table legend: (Time is in decaauts)
 A = Elapsed time spent in this place.
 B = Non-inter-level travel time spent in this place.
 C = Inter-level travel time spent in this place.
 D = Time resting spent in this place.
 E = Time spent auto-exploring this place.
 F = Levels seen in this place.
 G = Mean time per level.
                   A        B        C        D        E       F      G
               +--------+--------+--------+--------+--------+-----+--------+
         Total |     30 |     30 |      0 |      0 |      0 |   1 |   30.0 |
       Dungeon |     30 |     30 |      0 |      0 |      0 |   1 |   30.0 |
               +--------+--------+--------+--------+--------+-----+--------+

Top non-repeatable levels by time:
     D:1: 30 daAuts
